 Dungeon Crawl Stone Soup version 0.31-a0-188-g5e087ee2ca (webtiles) character file.

Game seed: 15720048573640354607

25 qw the Shooter (level 2, 0/16 HPs)
             Began as a Deep Elf Hunter on June 23, 2023.
             Succumbed to their own poison gas
             ... on level 1 of the Dungeon.
             The game lasted 00:00:13 (502 turns).

qw the Shooter (Deep Elf Hunter)                     Turns: 502, Time: 00:00:14

Health: 0/16       AC:  3    Str:  8    XL:     2   Next: 82%
Magic:  4/4        EV: 12    Int: 13    God:
Gold:   30         SH:  0    Dex: 18    Spells: 1/1 levels left

rFire   . . .        Y - +0 shortbow
rCold   . . .        (shield currently unavailable)
rNeg    . . .        c - +0 leather armour
rPois   .            (no helmet)
rElec   .            (no cloak)
rCorr   .            (no gloves)
SInv    .            (no boots)
Will    .....        (no amulet)
Stlth   ++           (no ring)
HPRegen 0.22/turn    (no ring)
MPRegen 0.09/turn

%: no passive effects
@: lethally poisoned (0 -> -11)
A: no striking features
a: no special abilities


You were on level 1 of the Dungeon.
You visited 1 branch of the dungeon, and saw 1 of its levels.

You collected 30 gold pieces.


   Skills:
 - Level 1.5 Fighting
 + Level 6.5 Ranged Weapons
 - Level 2.4 Dodging
 - Level 1.2 Stealth


You had one spell level left.
You didn't know any spells.
Your spell library was empty.

Inventory:

Hand Weapons
 Y - a +0 shortbow (weapon)
Armour
 c - a +0 leather armour (worn)
Potions
 f - a potion of invisibility {unknown}
 h - a potion of degeneration {unknown}

Dungeon Overview and Level Annotations

Branches:
Dungeon (1/15)

Altars:


Message History

As you read the scroll labelled WELULENEXT, it crumbles to dust.
It was a scroll of poison.
Done exploring.
497 ||| READING scroll labelled XIFUOF HOGIEHI.
As you read the scroll labelled XIFUOF HOGIEHI, it crumbles to dust.
You feel momentarily disoriented.
It was a scroll of revelation.
Enter note:
Enter note:
Enter note: Done exploring.
498 ||| READING scroll labelled XOFO VIEKK.
As you read the scroll labelled XOFO VIEKK, it crumbles to dust.
It is a scroll of identify.
Really abort (and waste the scroll)?
Done exploring.
499 ||| DROPPING scroll of butterflies.
You drop a scroll of butterflies.
Done exploring.
(D) Dungeon
Where to? (* - list waypoints, ? - help)
What level of the Dungeon? (default 1, ? - help) Sorry, I don't know how to get there.
Enter note:
Enter note:
Enter note:
Enter note:
Enter note:
Enter note:
Enter note:
Enter note:
Enter note: Really walk into that cloud of poison gas?
You are engulfed in poison gas.
You are lethally poisoned!
You feel very sick.
501 ||| Stepping ~*~*~tactically~*~*~ (cloud).
You feel very sick.
You see here a scroll of butterflies.
There is a lethal amount of poison in your body!
You die...

#......##
........################
......%..###############
.........###############
.........###############
.........####¤¤0¤¤0#####
.........####¤¤¤¤¤¤#####
.......(#####¤¤0¤¤.#####
.........######0@#######
.........##¤¤0¤¤¤0¤#####
.........##¤¤¤¤##¤######
.........#00¤¤...¤######
.........0¤00####¤######
.........¤¤¤.####¤###.##
.........¤¤######0###.##
......###0.######¤##..##
#####.###.## #.##..#


There were no monsters in sight!

Vanquished Creatures
  3 ball pythons (D:1)
  2 bats (D:1)
  An endoplasm (D:1)
  2 giant cockroaches (D:1)
  4 goblins (D:1)
  5 hobgoblins (D:1)
  2 frilled lizards (D:1)
  2 rats (D:1)
21 creatures vanquished.

Notes
Turn   | Place    | Note
-------+----------+-------------------------------------------
     0 | D:1      | qw the Deep Elf Hunter began the quest for the Orb.
     0 | D:1      | Reached XP level 1. HP: 12/12 MP: 3/3
     0 | D:1      | 0 ||| qw: Version: 0.3-a-9-g12657ce
     0 | D:1      | 0 ||| qw: Game counter: 3469
     0 | D:1      | 0 ||| qw: Always use a shield: true
     0 | D:1      | 0 ||| qw: God list: Okawaru
     0 | D:1      | 0 ||| qw: Allow faded altars: false
     0 | D:1      | 0 ||| qw: Do Orc after D:15 true
     0 | D:1      | 0 ||| qw: Do second Lair branch before Depths: true
     0 | D:1      | 0 ||| qw: Lair rune preference: random
     0 | D:1      | 0 ||| qw: Plans: Normal
     0 | D:1      | 0 ||| PLANNING D:1-11
   163 | D:1      | Reached skill level 6 in Ranged Weapons
   163 | D:1      | Reached XP level 2. HP: 16/16 MP: 4/4
   496 | D:1      | 496 ||| READING scroll labelled WELULENEXT.
   497 | D:1      | 497 ||| READING scroll labelled XIFUOF HOGIEHI.
   498 | D:1      | 498 ||| READING scroll labelled XOFO VIEKK.
   499 | D:1      | 499 ||| DROPPING scroll of butterflies.
   501 | D:1      | 501 ||| Stepping ~*~*~tactically~*~*~ (cloud).
   501 | D:1      | HP: 3/16 [poisoned by you (poison gas)]
   502 | D:1      | Succumbed to their own poison gas

Levels and vault maps discovered:
D:1:      heliophobic_arrival_enchanted_forest, layout_rooms, minmay_box_of_dots

Skill      XL: |  1 |
---------------+----+-----
Ranged Weapons | 6 |  6.5
Fighting       | |  1.5
Dodging        | |  2.4
Stealth        | |  1.2

Action                     || total
---------------------------++-------
   Fire: Shortbow          ||    47
    Use: Scroll            ||     3
 Armour: Leather armour    ||     2
  Dodge: Dodged            ||     3

Table legend:
 A = Non-vault XP
 B = Vault XP
 C = Vault XP percentage of total XP
 D = Non-vault monster count
 E = Vault monster count
 F = Vault count percentage of total count
                 A         B        C        D         E       F
            +---------+---------+-------+---------+---------+-------
      Total |      30 |       6 |  16.7 |      18 |       3 |  14.3
            +---------+---------+-------+---------+---------+-------
        D:1 |      30 |       6 |  16.7 |      18 |       3 |  14.3
            +---------+---------+-------+---------+---------+-------
